 Dungeon Crawl Stone Soup version 0.22-a0-252-gcace5d2 (webtiles) character file.

2654 Gorglomux the Fighter (level 9, -4/81 HPs)
             Began as a Minotaur Summoner on Mar 1, 2018.
             Slain by a two-headed ogre
             ... wielding a +0 giant spiked club
              (13 damage)
             ... on level 8 of the Dungeon.
             The game lasted 00:12:25 (9814 turns).

Gorglomux the Fighter (Minotaur Summoner)           Turns: 9814, Time: 00:12:26

Health: -4/81      AC: 13    Str: 16    XL:     9   Next: 36%
Magic:  0/11       EV:  6    Int: 12    God:
Gold:   17         SH:  0    Dex: 11    Spells: 10/10 levels left

rFire    . . .     SeeInvis .   w - +9 staff of Olgreb {rPois}
rCold    + . .     Gourm    .   (no shield)
rNeg     . . .     Faith    .   Y - +0 plate armour
rPois    ∞         Spirit   +   (helmet restricted)
rElec    .         Reflect  .   (no cloak)
rCorr    .         Harm     .   (no gloves)
MR       .....                  (no boots)
Stlth    ..........             X - amulet of guardian spirit
HPRegen  0.23/turn              c - ring of protection from cold
MPRegen  0.12/turn              (no ring)

@: no status effects
A: retaliatory headbutt, horns 2
a: no special abilities


You were on level 8 of the Dungeon.
You were very hungry.

You visited 2 branches of the dungeon, and saw 9 of its levels.

You collected 373 gold pieces.
You spent 356 gold pieces at shops.

Inventory:

Hand Weapons
 a - a +0 war axe
 b - a +0 blowgun
 k - a +0 broad axe
 w - the +9 staff of Olgreb (weapon) {rPois}
   (You found it on level 7 of the Dungeon)

   It protects you from poison.
 H - the +3 battleaxe of Komm {drain, rElec MR+ Str-5 Dex+3}
   (You found it on level 7 of the Dungeon)

   A truly terrible weapon, it drains the life of those it strikes.
   It affects your strength (-5).
   It affects your dexterity (+3).
   It insulates you from electricity.
   It affects your resistance to hostile enchantments.
 I - a +3 long sword of holy wrath
 V - a +0 morningstar
Missiles
 O - 44 poisoned needles
Armour
 Y - a +0 plate armour (worn)
Jewellery
 c - a ring of protection from cold (left hand)
 X - an amulet of guardian spirit (around neck)
Wands
 D - a wand of digging (5)
 P - a wand of paralysis (11)
Scrolls
 e - 2 scrolls of enchant weapon
 L - 5 scrolls of remove curse
 M - 4 scrolls of magic mapping
 S - 3 scrolls of fog
 T - 2 scrolls of teleportation
Potions
 J - 3 potions of heal wounds
 N - 2 potions of ambrosia
 Q - 2 potions of curing
 U - a potion of flight
 W - 2 potions of agility
 Z - a potion of haste
Comestibles
 K - 19 rations


   Skills:
 - Level 8.0 Fighting
 - Level 7.6 Axes
 - Level 7.9 Armour
 - Level 2.8 Dodging
 - Level 1.5 Stealth
 - Level 1.3 Spellcasting
   Level 2.9 Summonings
 + Level 4.6 Evocations


You had 10 spell levels left.
You didn't know any spells.

Dungeon Overview and Level Annotations

Branches:
Dungeon (8/15)             Temple (1/1) D:7
   Lair: D:8-11

Altars:
Ashenzari
Cheibriados
Fedhas
Gozag
Hepliaklqana
Kikubaaqudgha
Makhleb
Ru
Sif Muna
Trog
Uskayaw
Vehumet
Wu Jian
Xom
Yredelemnul
Zin
The Shining One

Shops:
D:4 [   D:8 !([=


Innate Abilities, Weirdness & Mutations

You reflexively headbutt those who attack you in melee.
You have a pair of horns on your head.


Message History

You are feeling very hungry!
The two-headed butt looks more healthy!
You begin to radiate toxic energy!
You feel slightly more hungry!
The two-headed ogre is poisoned!
The two-headed ogre barely misses you!
The two-headed ogre hits you with a giant spiked club!!!!!! * * * don't die
* * * The two-headed ogre looks even sicker!
Your toxic aura wanes!
Butt see here 24 sling bullets!
The two-headed ogre looks more healthy!
You see here 24 sling bullets!
The two-headed ogre hits you with a giant spiked club!!! * * * don't die
* * * The two-headed ogre hits you with a giant spiked club!!! * * * don't die
* * *
Okay, then!
The jelly quivers!
The two-headed ogre hits you with a giant butt club!!! rip

.# #.# #. ..# .. #. #J#
#.## #. #.. ..# #. #.#
#.# #. #####.# ##∩## #.
##...#.###############.
##.###..#.......(.......
#.## ##@#.####..###..###
#.# #.OY.....## #..#
#.## ##........####..###
##.###..................
##.......#'#..###.#..##
##......#_#..# #.#..#
###......###..# #.#..#
#............## #.#..#
#.###........# #.#..#


You could see a two-headed ogre, an ice beast and a jelly.

Vanquished Creatures
  Sigmund (D:5)
  A spriggan (D:8)
  A hungry ghost (D:8)
  An orc warrior (D:6)
  A sky beast (D:5)
  A phantom (D:5)
  An ice beast (D:8)
  5 ogres
  2 centaurs (D:7)
  A bullfrog (D:6)
  A water moccasin zombie (D:7)
  2 scorpions
  3 howler monkeys
  2 jellies
  A bullfrog zombie (D:8)
  4 orc priests
  A centaur skeleton (D:4)
  A gnoll shaman (D:5)
  2 hounds
  8 orc wizards
  An iguana (D:5)
  2 worker ants
  A howler monkey zombie (D:5)
  A worker ant zombie (D:7)
  3 gnolls
  10 adders
  2 shadow imps (D:5)
  An ooze (D:4)
  An adder skeleton (D:7)
  5 worms
  7 leopard geckos
  31 orcs
  7 bats
  6 giant cockroaches
  6 goblins
  10 hobgoblins
  7 jackals (D:3)
  6 quokkas
  3 ball pythons
  A frilled lizard (D:1)
  6 kobolds
  8 rats
165 creatures vanquished.

Vanquished Creatures (others)
  A giant cockroach (D:3)
1 creature vanquished.

Grand Total: 166 creatures vanquished

Notes
Turn   | Place    | Note
-------+----------+-------------------------------------------
     0 | D:1      | Gorglomux the Minotaur Summoner began the quest for the Orb.
     0 | D:1      | Reached XP level 1. HP: 14/14 MP: 1/1
   503 | D:1      | Reached skill level 1 in Fighting
   521 | D:1      | Reached skill level 1 in Armour
   521 | D:1      | Reached XP level 2. HP: 23/23 MP: 3/3
  1253 | D:2      | Reached skill level 2 in Fighting
  1253 | D:2      | Reached XP level 3. HP: 24/29 MP: 4/4
  1555 | D:2      | Reached skill level 1 in Axes
  1605 | D:2      | Found a burning altar of Makhleb.
  1607 | D:2      | Found a radiant altar of Vehumet.
  1953 | D:2      | Reached XP level 4. HP: 12/37 MP: 5/5
  2228 | D:3      | Found a blossoming altar of Fedhas.
  2474 | D:3      | Reached skill level 3 in Fighting
  2524 | D:3      | Reached skill level 3 in Armour
  2815 | D:3      | Reached XP level 5. HP: 45/45 MP: 6/6
  2843 | D:3      | Found a snail-covered altar of Cheibriados.
  3139 | D:4      | Noticed an ogre
  3265 | D:4      | Noticed an ogre
  3451 | D:3      | Killed an ogre
  3451 | D:3      | Reached skill level 3 in Axes
  3763 | D:4      | Found Titt's Armour Emporium.
  3785 | D:4      | Killed an ogre
  3785 | D:4      | Reached skill level 4 in Fighting
  3785 | D:4      | Reached XP level 6. HP: 46/52 MP: 5/7
  4612 | D:4      | Reached XP level 7. HP: 54/60 MP: 6/8
  4895 | D:5      | Entered Level 5 of the Dungeon
  4905 | D:5      | Reached skill level 5 in Fighting
  5666 | D:5      | Found a shattered altar of Ashenzari.
  6052 | D:5      | Noticed Sigmund
  6112 | D:5      | Killed Sigmund
  6112 | D:5      | Reached skill level 6 in Fighting
  6112 | D:5      | Reached skill level 6 in Armour
  6112 | D:5      | Reached XP level 8. HP: 29/70 MP: 5/9
  6328 | D:5      | Found a shimmering altar of Xom.
  6400 | D:5      | Reached skill level 6 in Axes
  7221 | D:6      | Reached skill level 7 in Fighting
  7362 | D:6      | Found a hazy altar of Hepliaklqana.
  8401 | D:7      | Found the +9 staff of Olgreb {rPois}
  8443 | D:7      | Reached skill level 8 in Fighting
  8671 | D:7      | Reached skill level 1 in Evocations
  8671 | D:7      | Reached XP level 9. HP: 74/81 MP: 7/10
  8680 | D:7      | Got an iridescent battleaxe
  8681 | D:7      | Identified the +3 battleaxe of Komm {drain, rElec MR+ Str-5 Dex+3} (You found it on level 7 of the Dungeon)
  8863 | D:7      | Found a staircase to the Ecumenical Temple.
  8980 | Temple   | Entered the Ecumenical Temple
  9161 | D:8      | Found Cenusiu's Distillery.
  9173 | D:8      | Bought a potion of haste for 110 gold pieces
  9173 | D:8      | Bought a potion of degeneration for 11 gold pieces
  9173 | D:8      | Bought a potion of heal wounds for 55 gold pieces
  9173 | D:8      | Bought a potion of heal wounds for 55 gold pieces
  9173 | D:8      | Bought a potion of agility for 44 gold pieces
  9173 | D:8      | Bought a potion of heal wounds for 55 gold pieces
  9188 | D:8      | Found Otyreg's Armour Emporium.
  9203 | D:8      | Noticed a two-headed ogre
  9205 | D:8      | Reached skill level 3 in Evocations
  9207 | D:8      | Found Rifuq's Jewellery Shoppe.
  9207 | D:8      | HP: 3/81 [two-headed ogre/giant spiked club (6)]
  9207 | D:8      | HP: 1/81 [two-headed ogre/giant spiked club (2)]
  9230 | D:8      | Paralysed by fainting for 9 turns
  9633 | D:8      | Found Wynaez's Antique Weapon Boutique.
  9652 | D:8      | Found an ornate altar of the Wu Jian Council.
  9696 | D:8      | Bought a cursed amulet of inaccuracy for 26 gold pieces
  9782 | D:8      | HP: 1/81 [two-headed ogre/giant spiked club (12)]
  9814 | D:8      | Slain by a two-headed ogre

Vault maps used:
D:1:      minmay_arrival_cross, hangedman_abyss_or_decor_stabs
D:2:      gammafunk_temple_overflow_statue, serial_bayou_lake_a
D:3:      fedhas_altar_2, lemuel_coloured_pillars_altar,
          guppyfry_early_lair_pool
D:4:      serial_column_ruins, column_ruins_open_small, column_ruins_open_tiny,
          column_ruins_open_large, column_ruins_open_small,
          column_ruins_columns_straight, column_ruins_grid_4, serial_shops,
          shop, minivault_23
D:5:      ashenzari_conservatory_becter, old_standard_altar, first_ration,
          hangedman_decor_growths, uniq_sigmund
D:6:      overflow_temple_1_default
D:7:      minmay_temple_entry_glassed_door
D:8:      kennysheep_mini_moat, grunt_temple_overflow_open, serial_shops, shop,
          shop, shop, nicolae_shop_window_shopping, grunt_pizzeria,
          xom_shifter_show
Temple:   compressed_dpeg_triangle_lava_temple

Skill      XL: |  1  2  3  4  5  6  7  8  9 |
---------------+----------------------------+-----
Fighting       | 1 2 3 4 6 8 |  8.0
Armour         | 1 2 3 4 6 7 |  7.9
Axes           | 1 2 3 4 5 7 |  7.6
Evocations     | 1 4 |  4.6
Dodging        | |  2.8
Stealth        | |  1.5
Spellcasting   | |  1.3
Summonings     | |  2.9

Action                   |  1- 3 |  4- 6 |  7- 9 || total
-------------------------+-------+-------+-------++-------
Melee: Whip              |   146 |    29 |       ||   175
       Unarmed           |     4 |       |       ||     4
       Headbutt          |    15 |    24 |    50 ||    89
       Long sword        |       |    89 |    65 ||   154
       Broad axe         |       |    35 |    12 ||    47
       Morningstar       |       |    15 |    19 ||    34
       War axe           |       |       |   113 ||   113
       Staff             |       |       |    16 ||    16
       Battleaxe         |       |       |    49 ||    49
 Fire: Blowgun           |       |     4 |    40 ||    44
 Cast: Summon Small Mamm |     2 |       |       ||     2
Evoke: Staff of Olgreb   |       |       |     4 ||     4
  Use: Scroll            |     6 |     2 |     5 ||    13
       Potion            |     1 |     1 |     4 ||     6
 Stab: Sleeping          |     1 |       |       ||     1
  Eat: Chunk             |     3 |     9 |     8 ||    20
       Ration            |       |       |     4 ||     4
Armor: Robe              |     2 |       |       ||     2
       Chain mail        |   108 |    91 |       ||   199
       Plate armour      |       |    65 |   211 ||   276
Dodge: Dodged            |    69 |    89 |    86 ||   244
       Rpst.: Long sword |       |    14 |     6 ||    20

Table legend:
 A = Spawn XP
 B = Non-spawn XP
 C = Spawn XP percentage of total XP
 D = Spawn monster count
 E = Non-spawn monster count
 F = Spawn count percentage of total count
 G = Total turns spent on level
                    A         B        C        D         E        F      G
               +---------+---------+-------+---------+---------+-------+---------
         Total |       0 |    3792 |   0.0 |       0 |     165 |   0.0 |  9814
               +---------+---------+-------+---------+---------+-------+---------
           D:1 |       0 |      15 |   0.0 |       0 |       9 |   0.0 |  1021
           D:2 |       0 |      66 |   0.0 |       0 |      24 |   0.0 |  1064
           D:3 |       0 |     244 |   0.0 |       0 |      42 |   0.0 |  1758
           D:4 |       0 |     432 |   0.0 |       0 |      15 |   0.0 |  1704
           D:5 |       0 |     880 |   0.0 |       0 |      16 |   0.0 |  1452
           D:6 |       0 |     785 |   0.0 |       0 |      26 |   0.0 |  1076
           D:7 |       0 |     719 |   0.0 |       0 |      23 |   0.0 |   924
           D:8 |       0 |     651 |   0.0 |       0 |      10 |   0.0 |   653
               +---------+---------+-------+---------+---------+-------+---------
